 Dungeon Crawl Stone Soup version 0.28-a0-1415-g7c84da036a (webtiles) character file.

Game seed: 12272654397607957241

25 zap2161 the Chopper (level 3, -3/33 HPs)
             Began as a Hill Orc Cinder Acolyte on Jan 7, 2022.
             Was a High Priest of Ignis.
             Slain by Terence (5 damage)
             ... on level 2 of the Dungeon.
             The game lasted 00:13:45 (1079 turns).

zap2161 the Chopper (Hill Orc Cinder Acolyte)       Turns: 1079, Time: 00:13:47

Health: -3/33      AC:  2    Str: 18    XL:     3   Next: 6%
Magic:  1/4        EV: 11    Int: 14    God:    Ignis [*****.]
Gold:   60         SH:  0    Dex:  6    Spells: 2/4 levels left

rFire   + . .      SeeInvis .   a - -1 hand axe (flame)
rCold   . . .      Faith    .   (no shield)
rNeg    . . .      Spirit   .   k - +0 robe
rPois   .          Reflect  .   (no helmet)
rElec   .          Harm     .   (no cloak)
rCorr   .          Rampage  .   (no gloves)
Will    .....                   (no boots)
Stlth   +.........              (no amulet)
HPRegen 0.11/turn               (no ring)
MPRegen 0.09/turn               (no ring)

@: no status effects
A: no striking features
a: Renounce Religion, Fiery Armour, Foxfire Swarm, Rising Flame


You were on level 2 of the Dungeon.
You worshipped Ignis.
Ignis was extremely pleased with you.
You visited 1 branch of the dungeon, and saw 2 of its levels.

You collected 60 gold pieces.

Inventory:

Hand Weapons
 a - a -1 hand axe of flaming (weapon)
 h - a +0 hunting sling
Missiles
 b - 21 bolts
 d - 37 stones (quivered)
 f - 27 arrows
Armour
 k - a +0 robe (worn)
Scrolls
 e - a scroll of amnesia {unknown}
 g - a scroll of identify
 j - a scroll of noise {unknown}
 l - a scroll of vulnerability {unknown}
Potions
 c - 2 potions of lignification
 i - 2 potions of haste {unknown}


   Skills:
 * Level 4.1 Fighting
 * Level 4.5 Axes
 + Level 0.1 Dodging
 - Level 1.0 Spellcasting
 * Level 3.7 Fire Magic


You had 2 spell levels left.
You knew the following spells:

 Your Spells              Type           Power      Damage    Failure   Level
a - Scorch                Fire           22%        2d6       9%          2

Your spell library contained the following spells:

 Spells                   Type           Power      Damage    Failure   Level


Dungeon Overview and Level Annotations

Branches:
Dungeon (2/15)

Altars:

Annotations:
D:2 Terence


Message History

Cleave: a) -1 hand axe (flame)
Press: ? - help, Dir - move target, f/p - Terence
Aim: Terence, wielding a +0 trident and wearing a +0 scale mail (almost dead, more vulnerable to fire, about 39% to evade your -1 hand axe of flaming)
You barely miss Terence.
Terence is almost dead.
Terence hits you with a +0 trident.
Cleave: a) -1 hand axe (flame)
Press: ? - help, Dir - move target, f/p - Terence
Aim: Terence, wielding a +0 trident and wearing a +0 scale mail (almost dead, more vulnerable to fire, about 39% to evade your -1 hand axe of flaming)
You hit Terence but do no damage.
Terence is almost dead.
Terence closely misses you.
Cleave: a) -1 hand axe (flame)
Press: ? - help, Dir - move target, f/p - Terence
Aim: Terence, wielding a +0 trident and wearing a +0 scale mail (almost dead, more vulnerable to fire, about 39% to evade your -1 hand axe of flaming)
You barely miss Terence.
Terence is almost dead.
Terence is no longer more vulnerable to fire.
Terence barely misses you. Terence hits you with a +0 trident!
* * * LOW HITPOINT WARNING * * *
Cleave: a) -1 hand axe (flame)
Press: ? - help, Dir - move target, f/p - Terence
Aim: Terence, wielding a +0 trident and wearing a +0 scale mail (almost dead, about 39% to evade your -1 hand axe of flaming)
You closely miss Terence.
Terence is almost dead.
Terence hits you with a +0 trident!
* * * LOW HITPOINT WARNING * * *
Cleave: a) -1 hand axe (flame)
Press: ? - help, Dir - move target, f/p - Terence
Aim: Terence, wielding a +0 trident and wearing a +0 scale mail (almost dead, about 39% to evade your -1 hand axe of flaming)
You closely miss Terence.
Terence is almost dead.
Terence completely misses you.
Cleave: a) -1 hand axe (flame)
Press: ? - help, Dir - move target, f/p - Terence
Aim: Terence, wielding a +0 trident and wearing a +0 scale mail (almost dead, about 39% to evade your -1 hand axe of flaming)
You barely miss Terence.
Terence is almost dead.
Terence hits you with a +0 trident.
You die...

#.########.# #.# #.# #.#
#.# #.# #.#
#.########.#####
#..............#
#.#####.##.....#######.#
#.# #.#...............
#.# #.#.......@@.....#
#.#####.#)<.....#.......
#.............###.######
#.#.....###...# .#
.......## ##.## .#
..#.##.# #.# .#
..#.##.#####.# .#
.............# .#
.##.##)#####.#


You could see Terence.

Vanquished Creatures
  3 bats (D:1)
  3 endoplasms
  A goblin (D:1)
  2 hobgoblins (D:1)
  4 kobolds
  2 quokkas (D:1)
  2 ball pythons (D:1)
  4 frilled lizards (D:1)
21 creatures vanquished.

Vanquished Creatures (others)
  4 withered plants (D:1)
4 creatures vanquished.

Grand Total: 25 creatures vanquished

Notes
Turn   | Place    | Note
-------+----------+-------------------------------------------
     0 | D:1      | zap2161 the Hill Orc Cinder Acolyte began the quest for the
                  | Orb.
     0 | D:1      | Reached XP level 1. HP: 19/19 MP: 2/2
   200 | D:1      | Reached XP level 2. HP: 16/27 MP: 3/3
   219 | D:1      | Learned a level 2 spell: Scorch
   601 | D:1      | Found a faded altar of an unknown god.
   996 | D:2      | Reached XP level 3. HP: 29/33 MP: 1/4
  1063 | D:2      | Noticed Terence
  1077 | D:2      | HP: 1/33 [Terence (8)]
  1079 | D:2      | Slain by Terence

Illustrated notes

Levels and vault maps discovered:
D:1:      ncdulo_lavacross, layout_basic, ebering_ecumenical_altar_petrified
D:2:      layout_loops_ring, uniq_terence, uniq_sigmund

Skill      XL: |  1  2 |
---------------+-------+-----
Fighting       | 4 |  4.1
Axes           | |  4.5
Dodging        | |  0.1
Spellcasting   | |  1.0
Fire Magic     | |  3.7

Action                   || total
-------------------------++-------
Melee: Hand axe          ||    79
 Fire: Hunting sling     ||    11
Throw: Stone             ||     1
 Cast: Scorch            ||     9
  Use: Scroll            ||     2
       Potion            ||     1
Armor: Robe              ||    16
Dodge: Dodged            ||    39

Table legend: (Time is in decaauts)
 A = Elapsed time spent in this place.
 B = Non-inter-level travel time spent in this place.
 C = Inter-level travel time spent in this place.
 D = Time resting spent in this place.
 E = Time spent auto-exploring this place.
 F = Levels seen in this place.
 G = Mean time per level.
                   A        B        C        D        E       F      G
               +--------+--------+--------+--------+--------+-----+--------+
         Total |   1085 |   1085 |      0 |      0 |      0 |   2 |  542.5 |
       Dungeon |   1085 |   1085 |      0 |      0 |      0 |   2 |  542.5 |
               +--------+--------+--------+--------+--------+-----+--------+

Top non-repeatable levels by time:
     D:1: 900 daAuts
     D:2: 185 daAuts
